 Dungeon Crawl Stone Soup version 0.30-b1-2-g02819fbbbe (webtiles) character file.

Game seed: 10867860172901983606

5427 redmage the Geomancer (level 11, -8/74 HPs)
             Began as a Meteoran Earth Elementalist on Aug 4, 2023.
             Was a Believer of Cheibriados.
             Blown up by an eye of devastation (24 damage)
             ... with a bolt of energy
             ... in a Gauntlet.
             The game lasted 00:48:02 (2919 turns).

redmage the Geomancer (Meteoran Earth Elementalist) Turns: 2919, Time: 00:48:03

Health: -8/74      AC:  7    Str: 13    XL:     11   Next: 19%
Magic:  6/18       EV: 11    Int: 29    God:    Cheibriados [**....]
Gold:   391        SH: 15    Dex: 15    Spells: 1/18 levels left

rFire   + . .        a - +8 broad axe (heavy)
rCold   . . .        E - +5 Storm Queen's Shield {shock, Fly rElec}
rNeg    . . .        q - +2 leather armour {rF+}
rPois   .            g - +0 helmet
rElec   +            z - scarf {shadows}
rCorr   .            k - +0 pair of gloves
SInv    +            (no boots)
Will    ++...        i - amulet of magic regeneration
Stlth   +            w - ring "Anommea" {Will+ Int+3 Dex-4 SInv}
HPRegen 0.32/turn    m - ring of wizardry
MPRegen 0.56/turn

%: no teleportation, wizardry (x1)
@: freezing walls, flying, glowing, very slow
A: sense surroundings 2, otherworldly, glowing, explore regen
a: Renounce Religion, Bend Time


You were in a Gauntlet.
You worshipped Cheibriados.
Cheibriados was pleased with you.
You visited 2 branches of the dungeon, and saw 12 of its levels.
You also visited: Sewer, Bailey and Gauntlet.

You collected 391 gold pieces.

Inventory:

Hand Weapons
 a - a +8 heavy broad axe (weapon)
 l - a +4 scimitar
Missiles
 h - 20 poisoned darts (quivered)
 u - 2 silver boomerangs
 C - 10 boomerangs
Armour
 g - a +0 helmet (worn)
 k - a +0 pair of gloves (worn)
 q - a +2 leather armour of fire resistance (worn)
 z - a scarf of shadows (worn)
 E - the +5 Storm Queen's Shield (worn) {shock, Fly rElec}
   (You acquired it in a bailey)

   Shock:     When it blocks an attack, it may electrocute the attacker.
   This works even against foes who are a short distance away.
   rElec:     It insulates you from electricity.
   Fly:       It grants you flight.
Magical Staves
 v - a staff of air
 J - a staff of conjuration
Jewellery
 d - a ring of fire
 e - a ring of protection from cold
 i - an amulet of magic regeneration (around neck)
 m - a ring of wizardry (right hand)
 w - the ring "Anommea" (left hand) {Will+ Int+3 Dex-4 SInv}
   (You found it in a bailey)

   [ring of willpower]

   Int:       It affects your intelligence (+3).
   Dex:       It affects your dexterity (-4).
   SInv:      It lets you see invisible.
   Will:      It increases your willpower.
 y - a +6 ring of strength
Wands
 o - a wand of roots (2)
 s - a wand of flame (13)
Scrolls
 n - a scroll of brand weapon
 p - a scroll of fog
 D - a scroll of teleportation
 F - 2 scrolls of fear
 G - a scroll of silence {unknown}
 H - a scroll of magic mapping
Potions
 b - 2 potions of magic
 c - 5 potions of heal wounds
 f - 10 potions of curing
 j - a potion of attraction
 r - a potion of cancellation
 t - 2 potions of mutation {unknown}
 x - a potion of ambrosia {unknown}
 A - a potion of haste {unknown}
 B - a potion of brilliance {unknown}
 I - a potion of resistance {unknown}


   Skills:
 - Level 4.6 Long Blades
 + Level 3.0 Axes
 - Level 3.4 Dodging
 - Level 1.4 Stealth
 * Level 6.8 Shields
 - Level 4.0 Spellcasting
 - Level 8.8 Conjurations
 + Level 2.2 Necromancy
 - Level 2.8 Transmutations
 - Level 4.0 Ice Magic
 - Level 8.9 Earth Magic
 - Level 6.6 Poison Magic
 - Level 4.6 Invocations


You had one spell level left.
You knew the following spells:

 Your Spells              Type           Power      Damage    Failure   Level
a - Sandblast             Erth           100%       2d20      1%          1
b - Passwall              Tmut/Erth      32%        N/A       1%          2
c - Stone Arrow           Conj/Erth      100%       3d13      1%          3
d - Olgreb's Toxic Radia  Pois           44%        N/A       7%          4
e - Frozen Ramparts       Ice            58%        1d9       6%          3
f - Animate Dead          Necr           18%        N/A       38%         4

Your spell library contained the following spells:

 Spells                   Type           Power      Damage    Failure   Level
 Sting                    Tmut/Pois      100%       1d8       1%          1
 Poisonous Vapours        Pois/Air       48%        N/A       4%          2
 Petrify                  Tmut/Erth      39%        N/A       10%         4
 Ice Form                 Ice/Tmut       25%        N/A       26%         4
 Borgnjor's Vile Clutch   Necr/Erth      19%        N/A       28%         5
 Summon Ice Beast         Ice/Summ       17%        N/A       41%         4
 Death Channel            Necr           9%         N/A       99%         6
 Haunt                    Necr/Summ      6%         N/A       100%        7
 Infestation              Necr           9%         N/A       100%        8


Dungeon Overview and Level Annotations

Branches:
Dungeon (10/15) Zot: 6427  Temple (1/1) D:4 Zot: 789     Orc (0/2) D:11
  Sewer (visited)          Bailey (visited)         Gauntlet (1/1) Zot: 735
   Lair: D:8-11

Altars:
Ashenzari
Cheibriados
Elyvilon
Gozag
Hepliaklqana
Kikubaaqudgha
Makhleb
Nemelex Xobeh
Qazlal
Ru
Trog
Uskayaw
Vehumet
Wu Jian
Zin
The Shining One

Annotations:
D:2 exclusion: upstairs
D:4 exclusion: upstairs Gauntlet 11 transporters


Innate Abilities, Weirdness & Mutations

You passively map the area around you.
You are easily found by Zot.
You glow in the dark.
You regain HP and MP as you explore.


Message History

The eye of devastation is poisoned.
You kill the floating eye!
Cheibriados appreciates the change of pace.
Your toxic aura wanes.
The wall freezes the eye of devastation but does no damage.
The eye of devastation gazes at you. The bolt of energy hits you!!!
Ouch! That really hurt!
Your Axes skill increases to level 3!
Casting: Sandblast (safe; 1% risk of failure)
Confirm with . or Enter, or press ? or * to list all spells.
Aiming: Stone Arrow (safe; 1% risk of failure)
Press: ? - help, Shift-Dir - straight line, f/p - eye of devastation
Aim: an eye of devastation (moderately wounded, poisoned, 100% to hit)
The stone arrow hits the eye of devastation!
The eye of devastation is heavily wounded.
Unknown command.
Casting: Stone Arrow (safe; 1% risk of failure)
Confirm with . or Enter, or press ? or * to list all spells.
Aiming: Stone Arrow (safe; 1% risk of failure)
Press: ? - help, Shift-Dir - straight line, f/p - eye of devastation
Aim: an eye of devastation (heavily wounded, poisoned, 100% to hit)
The stone arrow hits the eye of devastation!
The eye of devastation is heavily wounded.
The wall freezes the eye of devastation.
The eye of devastation gazes at you. The bolt of energy hits you!!
* * * LOW HITPOINT WARNING * * *
Casting: Stone Arrow (safe; 1% risk of failure)
Confirm with . or Enter, or press ? or * to list all spells.
Aiming: Stone Arrow (safe; 1% risk of failure)
Press: ? - help, Shift-Dir - straight line, f/p - eye of devastation
Aim: an eye of devastation (severely wounded, poisoned, 100% to hit)
The stone arrow hits the eye of devastation!
The eye of devastation is almost dead.
The eye of devastation looks more healthy.
The wall freezes the eye of devastation.
The eye of devastation gazes at you. The bolt of energy hits you!!
You die...

*8
,,..#.©.#....≈....#.©.
, #########...#######
* ,
,,!.©.=..#...#...!©"
,,* *
....#^#...#..##.# *
,.# ^ ####^.#...#.##.
.* *
,.#..##.##..#...#.#...
, * *
.#....©....#...#....©
,
.#..##^##..#...#.#...,
8 ,.#..#####@.#...#G##
, **
.#.#.....#G#.∩.#G.#*
.#.........#...#G... ,
**
.###########...######
*** 8
......©.............©
............≈∩≈.....
####################*
** 8 #8 #8# #8# 8# * *
## ### *## * **


You could see an eye of devastation.

Vanquished Creatures
  An orc warlord (Bailey)
  A two-headed ogre (D:11)
  Grinder (D:3)
  A yak (D:9)
  A golden eye (Gauntlet)
  An acid dragon (D:9)
  A floating eye (Gauntlet)
  4 water moccasins
  2 ice beasts (D:7)
  5 orc warriors (Bailey)
  4 centaurs
  A phantom (D:4)
  3 kobold brigands
  2 bullfrogs
  2 gnoll sergeants
  3 scorpions
  9 wights (D:7)
  4 killer bees (D:7)
  A hound (D:5)
  A jelly (D:6)
  An orc priest (D:7)
  4 sleepcaps
  4 iguanas
  9 gnolls
  8 adders
  A river rat (Sewer)
  2 shadow imps
  A white imp (D:5)
  2 ufetubi
  2 dart slugs (D:5)
  2 worms
  15 orcs
  5 ball pythons
  A bat (D:2)
  8 endoplasms
  3 giant cockroaches
  13 goblins
  7 hobgoblins
  A quokka (D:1)
  2 frilled lizards
  27 kobolds
  9 rats
175 creatures vanquished.

Notes
Turn   | Place    | Note
-------+----------+-------------------------------------------
     0 | D:1      | redmage the Meteoran Earth Elementalist began the quest for
                  | the Orb.
     0 | D:1      | Reached XP level 1. HP: 14/14 MP: 5/5
   123 | D:1      | Reached XP level 2. HP: 20/20 MP: 1/6
   272 | D:2      | Learned a level 2 spell: Passwall
   305 | D:1      | Reached XP level 3. HP: 26/26 MP: 5/8
   435 | D:2      | Reached XP level 4. HP: 28/33 MP: 1/10
   493 | D:5      | Entered Level 5 of the Dungeon
   493 | D:5      | Noticed a water moccasin
   514 | D:4      | Learned a level 3 spell: Stone Arrow
   528 | D:5      | Noticed a phantom
   533 | D:4      | Killed a phantom
   534 | D:4      | Reached XP level 5. HP: 24/38 MP: 8/12
   536 | D:5      | Noticed a centaur
   547 | D:5      | Reached skill level 5 in Earth Magic
   547 | D:5      | Reached XP level 6. HP: 19/45 MP: 3/13
   549 | D:5      | Noticed a water moccasin
   622 | D:3      | Noticed Grinder
   622 | D:3      | Found a faded altar of an unknown god.
   627 | D:3      | Killed Grinder
   628 | D:3      | Reached XP level 7. HP: 50/50 MP: 2/14
   831 | D:4      | Reached skill level 5 in Conjurations
   837 | D:4      | Found a staircase to the Ecumenical Temple.
   848 | Temple   | Entered the Ecumenical Temple
   968 | D:5      | Killed a water moccasin
  1008 | D:5      | Killed a water moccasin
  1040 | D:5      | Reached XP level 8. HP: 56/57 MP: 11/15
  1047 | D:5      | Learned a level 4 spell: Olgreb's Toxic Radiance
  1054 | D:5      | Reached skill level 1 in Poison Magic
  1096 | D:5      | Learned a level 3 spell: Frozen Ramparts
  1121 | D:5      | Reached skill level 1 in Ice Magic
  1135 | D:5      | Found a glowing silver altar of Zin.
  1162 | D:5      | Found a glowing drain.
  1171 | Sewer    | Entered a sewer
  1397 | D:5      | Found a radiant altar of Vehumet.
  1581 | D:7      | Gained mutation: You passively map the area around you.
                  | [Meteoran growth]
  1581 | D:7      | Reached XP level 9. HP: 62/62 MP: 7/16
  1626 | D:6      | Found a white marble altar of Elyvilon.
  1914 | D:7      | Reached skill level 5 in Poison Magic
  2127 | D:7      | Reached XP level 10. HP: 69/69 MP: 13/17
  2236 | D:8      | Reached skill level 1 in Long Blades
  2258 | D:8      | Found a snail-covered altar of Cheibriados.
  2289 | D:8      | Became a worshipper of Cheibriados the Contemplative
  2311 | D:8      | Found a flagged portal.
  2352 | Bailey   | Entered a bailey
  2359 | Bailey   | Noticed an orc warlord
  2414 | Bailey   | Reached skill level 1 in Invocations
  2465 | Bailey   | Found a runed translucent gate.
  2467 | Bailey   | Acquired the +5 Storm Queen's Shield {shock, Fly rElec}
  2467 | Bailey   | Found the +5 Storm Queen's Shield {shock, Fly rElec}
  2469 | Bailey   | Found a runed translucent gate.
  2470 | Bailey   | Found a runed translucent gate.
  2485 | Bailey   | Reached skill level 1 in Shields
  2501 | Bailey   | Reached * piety under Cheibriados
  2540 | Bailey   | Killed an orc warlord
  2565 | Bailey   | Identified the ring "Anommea" {Will+ Int+3 Dex-4 SInv}
  2595 | Bailey   | Acquired an amulet of magic regeneration
  2672 | D:9      | Reached skill level 5 in Shields
  2680 | D:9      | Reached skill level 1 in Axes
  2711 | D:9      | Learned a level 4 spell: Animate Dead
  2737 | D:10     | Entered Level 10 of the Dungeon
  2741 | D:10     | You are sucked into a shaft and drop 1 floor!
  2751 | D:11     | Reached ** piety under Cheibriados
  2752 | D:11     | Reached XP level 11. HP: 74/74 MP: 8/18
  2789 | D:11     | Noticed a two-headed ogre
  2791 | D:11     | Killed a two-headed ogre
  2792 | D:11     | Reached skill level 1 in Necromancy
  2794 | D:11     | Found a gate leading to a gauntlet.
  2803 | Gauntlet | Entered a Gauntlet
  2804 | Gauntlet | Found a transporter.
  2805 | Gauntlet | Noticed an eye of devastation
  2806 | Gauntlet | Found a transporter.
  2807 | Gauntlet | Noticed an eye of devastation
  2808 | Gauntlet | Found a transporter.
  2809 | Gauntlet | Found a transporter.
  2812 | Gauntlet | Found a transporter.
  2812 | Gauntlet | Found a transporter.
  2815 | Gauntlet | Noticed an apocalypse crab
  2818 | Gauntlet | Found a transporter.
  2822 | Gauntlet | Found a transporter.
  2823 | Gauntlet | Found a transporter.
  2824 | Gauntlet | Noticed a death drake
  2829 | Gauntlet | Found a transporter.
  2832 | Gauntlet | Noticed a necromancer
  2833 | Gauntlet | Noticed a death yak
  2834 | Gauntlet | Noticed a death yak
  2839 | Gauntlet | Found a transporter.
  2839 | Gauntlet | Noticed a death yak
  2853 | Gauntlet | Found a transporter.
  2912 | Gauntlet | Paralysed by a floating eye for 3 turns
  2919 | Gauntlet | Blown up by an eye of devastation

Illustrated notes

Levels and vault maps discovered:
D:1:      ncdulo_wetmaze, layout_basic, interstate_on_off
D:2:      layout_basic
D:3:      layout_rooms, shapermc_ecumenical_altar_venn, uniq_grinder, uniq_robin
D:4:      layout_loops_ring, temple_green, uniq_menkaure
D:5:      layout_cave_pools, zin_statuary, vehumet_altar_wand_db,
          portal_sewer_entry_b, serial_park_tiny_1, minivault_11,
          minmay_increasing_density
D:6:      layout_loops_ring, lemuel_doored_altar, bh_walls_and_bars
D:7:      layout_basic
D:8:      layout_cave_pods, cheibriados_altar_1, enter_bailey_5, uniq_joseph
D:9:      layout_basic, grunt_ogre_cave
D:10:     layout_loops_ring, nicolae_overflow_quartered_altars,
          due_lair_maze_entry_diamond, special_room [special_room_orc],
          gammafunk_ghost_nasty_kobolds, minivault_25
D:11:     layout_roguey, david_orc_4, gauntlet_entry_generic
Temple:   eino_narrow_crystal_temple
Gauntlet: gammafunk_gauntlet_hard_choice
          [gammafunk_gauntlet_arena_split_diamond,
          nicolae_gauntlet_arena_blocks, gammafunk_gauntlet_arena_spirals,
          nicolae_gauntlet_arena_grate_2, nicolae_gauntlet_arena_x,
          nicolae_gauntlet_arena_quarters,
          nicolae_gauntlet_exit_dead_adventurers]

Skill      XL: |  1  2  3  4  5  6  7  8  9 10 11 |
---------------+----------------------------------+-----
Spellcasting   | 3 4 |  4.0
Earth Magic    | 4 5 6 7 8 |  8.9
Transmutations | 2 |  2.8
Conjurations   | 2 4 6 7 8 |  8.8
Poison Magic   | 1 6 |  6.6
Ice Magic      | 4 |  4.0
Long Blades    | 4 |  4.6
Dodging        | 3 |  3.4
Invocations    | 4 |  4.6
Shields        | 5 6 |  6.8
Axes           | 1 3 |  3.0
Necromancy     | 2 |  2.2
Stealth        | |  1.4

Action                     |  1- 3 |  4- 6 |  7- 9 | 10-12 || total
---------------------------+-------+-------+-------+-------++-------
  Melee: Unarmed           |       |       |     6 |       ||     6
         Whip              |       |       |     4 |       ||     4
         Scimitar          |       |       |       |    34 ||    34
         Broad axe         |       |       |       |     5 ||     5
   Cast: Sandblast         |    40 |    13 |    56 |    15 ||   124
         Stone Arrow       |       |     6 |    64 |    30 ||   100
         Passwall          |       |     1 |     7 |     5 ||    13
         Frozen Ramparts   |       |       |    10 |     7 ||    17
         Olgreb's Toxic Ra |       |       |       |    17 ||    17
  Evoke: Wand              |       |       |       |     6 ||     6
    Use: Scroll            |       |     8 |     5 |    11 ||    24
         Potion            |       |       |       |     1 ||     1
 Armour: Robe              |     1 |     1 |    13 |     1 ||    16
         Leather armour    |       |       |       |    23 ||    23
  Dodge: Dodged            |    12 |     4 |    34 |    30 ||    80
  Block: Kite shield       |       |       |       |    16 ||    16
